 Dungeon Crawl Stone Soup version 0.20-a0-40-gb6e7b4f (webtiles) character file.

273 Faca the Chopper (level 6, -1/53 HPs)
             Began as a Minotaur Berserker on Nov 11, 2016.
             Was a Believer of Trog.
             Slain by an iguana (7 damage)
             ... on level 4 of the Dungeon.
             The game lasted 00:16:25 (2370 turns).

Faca the Chopper (Minotaur Berserker)               Turns: 2370, Time: 00:16:26

Health: -1/53      AC:  8    Str: 24    XL:     6   Next: 2%
Magic:  5/5        EV: 11    Int:  4    God:    Trog [**....]
Gold:   183        SH:  0    Dex:  9    Spells: 0 memorised, 5 levels left

rFire  . . .     SeeInvis .     a - +1 hand axe
rCold  . . .     Gourm    .     e - +0 scale mail
rNeg   . . .     Faith    .     (no shield)
rPois  .         Spirit   .     (helmet restricted)
rElec  .         Reflect  .     f - +0 cloak
rCorr  .         Harm     .     (no gloves)
MR     .....                    (no boots)
Stlth  ..........               o - amulet of rage
                                (no ring)
                                (no ring)

@: no status effects
A: retaliatory headbutt, horns 2
a: Berserk, Trog's Hand, Burn Spellbooks, Renounce Religion, Evoke Berserk Rage


You were on level 4 of the Dungeon.
You worshipped Trog.
Trog was pleased with you.
You were not hungry.

You visited 1 branch of the dungeon, and saw 4 of its levels.

You collected 183 gold pieces.

Inventory:

Hand Weapons
 a - a +1 hand axe (weapon)
Missiles
 h - 8 tomahawks (quivered)
Armour
 e - a +0 scale mail (worn)
 f - a +0 cloak (worn)
Jewellery
 o - an amulet of rage (around neck)
Scrolls
 k - a scroll of identify
 m - a scroll of remove curse
 n - 3 scrolls of fog
Potions
 d - a potion of magic
 g - a potion of cancellation {unknown}
 i - a potion of agility {unknown}
 j - 2 potions of flight
 l - a potion of curing {unknown}
 p - a potion of resistance {unknown}
Comestibles
 b - a beef jerky
 c - 2 bread rations


   Skills:
 + Level 4.6 Fighting
 + Level 6.0 Axes
 * Level 4.5 Armour
 + Level 2.9 Dodging
 + Level 0.5 Stealth


You had 5 spell levels left.
You didn't know any spells.

Dungeon Overview and Level Annotations

Branches:
Dungeon (4/15)
 Temple: D:4-7

Altars:
Cheibriados
Dithmenos
Elyvilon
Hepliaklqana
Makhleb
Okawaru
Ru
Sif Muna
Xom
The Shining One

Annotations:
D:4 Dowan


Innate Abilities, Weirdness & Mutations

You reflexively headbutt those who attack you in melee.
You have a pair of horns on your head.


Message History

The iguana bites you!
* * * LOW HITPOINT WARNING * * *
Dowan casts a spell.
Dowan blinks!
You hit the iguana but do no damage.
The iguana is moderately wounded.
The iguana bites you!
* * * LOW HITPOINT WARNING * * *
It was a potion of magic.
Magic courses through your body. The iguana barely misses you.
The iguana barely misses you.
You slash the iguana!
The iguana is severely wounded.
Dowan gestures wildly while chanting.
The iguana misses you. The iguana closely misses you.
You hit the iguana but do no damage. Your headbutt misses the iguana.
The iguana is severely wounded.
The iguana bites you!
You die...

#.#
#.###+###
#.#.8.8.#
#.#.._..#
#.##...#
#.###.##
#e#.#.#
#l#...#
#@..###
###........
#.#######
#.# ..# #.#
#.# #.#


You could see Dowan and an iguana.

Vanquished Creatures
  Duvessa (D:4)
  2 orc wizards
  3 adders
  4 worms
  2 dart slugs (D:1)
  A leopard gecko (D:1)
  11 orcs
  3 bats
  5 giant cockroaches
  5 hobgoblins
  2 jackals (D:3)
  6 kobolds
  A quokka (D:2)
  3 frilled lizards
  8 goblins
  4 rats
61 creatures vanquished.

Notes
Turn   | Place    | Note
-------+----------+-------------------------------------------
     0 | D:1      | Faca the Minotaur Berserker began the quest for the Orb.
     0 | D:1      | Reached XP level 1. HP: 19/19 MP: 0/0
   278 | D:1      | Reached XP level 2. HP: 27/27 MP: 1/1
   365 | D:1      | Reached skill level 4 in Axes
   675 | D:2      | Reached XP level 3. HP: 30/33 MP: 2/2
   905 | D:2      | Reached ** piety under Trog
  1406 | D:2      | Found a shimmering altar of Xom.
  1408 | D:2      | Found a white marble altar of Elyvilon.
  1408 | D:2      | Found a burning altar of Makhleb.
  1410 | D:2      | Found an iron altar of Okawaru.
  1410 | D:2      | Found a deep blue altar of Sif Muna.
  1410 | D:2      | Found a glowing golden altar of the Shining One.
  1447 | D:2      | Found a snail-covered altar of Cheibriados.
  1644 | D:3      | Reached XP level 4. HP: 36/41 MP: 3/3
  1654 | D:3      | Reached skill level 5 in Axes
  1877 | D:3      | Found a sacrificial altar of Ru.
  1877 | D:3      | Found a hazy altar of Hepliaklqana.
  1878 | D:3      | Found a shadowy altar of Dithmenos.
  1905 | D:3      | Found a white marble altar of Elyvilon.
  2157 | D:3      | Reached XP level 5. HP: 41/47 MP: 4/4
  2305 | D:4      | Found a deep blue altar of Sif Muna.
  2331 | D:4      | Noticed Duvessa
  2333 | D:4      | Noticed Dowan
  2352 | D:4      | Killed Duvessa
  2352 | D:4      | Reached skill level 6 in Axes
  2352 | D:4      | Reached XP level 6. HP: 30/53 MP: 5/5
  2370 | D:4      | Slain by an iguana

Vault maps used:
D:1:      noname_arrival_rooms_in_the_neighbourhood, feat_on_display
D:2:      nicolae_overflow_crystal_walls, doesnt_xom_only_xom,
          minmay_pentomino_q4
D:3:      nicolae_overflow_quartered_altars, first_bread, minmay_distorted
D:4:      ashenzari_altar_1, led_sif_book, uniq_sigmund, uniq_duvessa,
          uniq_edmund

Skill      XL: |  1  2  3  4  5 |
---------------+----------------+-----
Fighting       | 4 |  4.6
Axes           | 4 5 6 |  6.0
Armour         | 3 4 |  4.5
Dodging        | |  2.9
Stealth        | |  0.5

Action                   |  1- 3 |  4- 6 || total
-------------------------+-------+-------++-------
Melee: Hand axe          |    80 |    51 ||   131
       Headbutt          |     9 |    11 ||    20
Invok: Burn Spellbooks   |     1 |       ||     1
  Use: Scroll            |     8 |       ||     8
       Potion            |       |     1 ||     1
  Eat: Fruit             |     3 |     2 ||     5
Armor: Animal skin       |     3 |       ||     3
       Scale mail        |    37 |    19 ||    56
Dodge: Dodged            |    49 |    32 ||    81
